[Event "EIWCC 2017"]
[Site "Riga"]
[Date "2017.04.17"]
[Round "7"]
[White "Gundogan, Sinem Cagla"]
[Black "Calzetta Ruiz, Monica"]
[Result "0-1"]
[ECO "B25"]
[WhiteElo "1885"]
[BlackElo "2257"]
[Annotator "ChessBase"]
[PlyCount "72"]
[EventDate "2017.??.??"]
[EventType "swiss"]
[EventCountry "LAT"]
[SourceTitle "playchess.com"]
[Source "ChessBase"]
[SourceQuality "1"]
[TimeControl "40/5400+30:1800+30"]

1. e4 c5 2. Nc3 g6 3. g3 Bg7 4. Bg2 Nc6 5. d3 d6 6. f4 Rb8 7. Nf3 b5 8. O-O b4 9. Ne2 Nf6 10. Nh4 Qb6 11. h3 O-O 12. Be3 Nd7 13. Qc1 Nd4 14. Nxd4 cxd4 15. Bd2 Ba6 16. f5 Rbc8 17. Qd1 Ne5 18. Bf4 Rc5 19. Rf2 Bb5 20. a4 bxa3 21. Rxa3 Rfc8 22. b3 Rc3 23. Ra2 Bxd3 24. cxd3 Nxd3 25. Rf1 Nxf4 26. gxf4 d3+ 27. Kh1 Rc2 28. Qg4 Rxa2 29. fxg6 Rcc2 30. gxh7+ Kh8 31. Rg1 Qe3 32. Nf5 Qxg1+ 33. Kxg1 Rxg2+ 34. Qxg2 Bd4+ 35. Nxd4 Rxg2+ 36. Kxg2 d2 0-1

[Event "EIWCC 2017"]
[Site "Riga"]
[Date "2017.04.19"]
[Round "8"]
[White "Muzychuk, Mariya"]
[Black "Zawadzka, Jolanta"]
[Result "1-0"]
[ECO "C42"]
[WhiteElo "2546"]
[BlackElo "2449"]
[Annotator "TA"]
[PlyCount "116"]
[EventDate "2017.??.??"]
[EventType "swiss"]
[EventCountry "LAT"]
[SourceTitle "playchess.com"]
[Source "ChessBase"]
[SourceQuality "1"]
[TimeControl "5400+30"]

1. d4 d5 2. Bf4 c5 3. e3 Nf6 4. c3 Nc6 5. Nd2 {[%emt 0:00:30] D00: 1 d4 d5: Unusual lines} cxd4 (5... e6 6. Ngf3 Bd6 7. Bg3 O-O 8. Bb5 a6 9. Bxc6 bxc6 10. Qa4 Rb8 11. Qa3 Bxg3 12. hxg3 cxd4 13. cxd4 a5 14. O-O Qb6 15. b3 Ba6 {1-0 (24) Carlsen,M (2840)-Anand,V (2779) Doha 2016}) 6. exd4 Bf5 7. Ngf3 e6 8. Be2 {[%emt 0:01:36] LiveBook: 10 Games} Bd6 9. Bg3 h6 $146 (9... O-O 10. O-O Bxg3 11. hxg3 a6 12. Nh4 Bg6 13. Nxg6 hxg6 {1-0 (44) Purtseladze,M (2347)-Gaponenko,I (2411) Doha 2016}) 10. O-O Bxg3 11. hxg3 O-O 12. Ne5 Nxe5 13. dxe5 Nd7 14. Nf3 Qb6 15. b3 Be4 16. Re1 Rac8 17. Rc1 Qa5 18. Qd2 Rfd8 (18... Bxf3 $17 19. Bxf3 Rc7) 19. Bf1 a6 20. Nd4 b5 21. f3 Bh7 22. f4 Qb6 23. b4 Qa7 24. Qf2 Rc7 25. g4 Rdc8 26. Qe3 Be4 27. Be2 {[%emt 0:04:53] [#]} Nb6 $1 28. Bf3 Bxf3 29. Nxf3 Na4 30. Qxa7 Rxa7 31. f5 Nxc3 32. Nd4 Rac7 33. fxe6 fxe6 34. Kh2 Nxa2 35. Rxc7 Rxc7 36. Nxe6 Re7 37. Nd4 Nxb4 38. e6 g6 ({Black should play} 38... Nd3 $19 39. Re2 Nc5) 39. Kg3 Kg7 40. Re3 Re8 41. Rf3 Re7 (41... g5 $17 42. Nf5+ Kg6) 42. Re3 Kf6 $19 {[%emt 0:01:15] ...Rc7 is the strong threat.} 43. Kf4 (43. Rb3 $142 a5 44. Ra3) 43... a5 44. Kg3 a4 45. Nxb5 Rxe6 46. Ra3 Ra6 47. Nc3 d4 48. Ne4+ Ke5 49. Nc5 Ra5 50. Rxa4 Rxa4 51. Nxa4 Ke4 52. Nc5+ Ke3 53. g5 h5 54. Nb3 d3 55. Kh4 d2 56. Nxd2 Kxd2 57. g4 hxg4 58. Kxg4 Ke3 1-0

[Event "EIWCC 2017"]
[Site "Riga"]
[Date "2017.04.19"]
[Round "8"]
[White "Girya, Olga"]
[Black "Zimina, Olga"]
[Result "1/2-1/2"]
[ECO "A35"]
[WhiteElo "2470"]
[BlackElo "2395"]
[Annotator "TA"]
[PlyCount "152"]
[EventDate "2017.??.??"]
[EventType "swiss"]
[EventCountry "LAT"]
[SourceTitle "playchess.com"]
[Source "ChessBase"]
[SourceQuality "1"]
[TimeControl "5400+30"]

1. e4 c5 2. Nf3 e6 3. d4 cxd4 4. Nxd4 a6 5. c4 Nf6 6. Nc3 Qc7 7. a3 b6 8. Be3 Bb7 {[%emt 0:00:14] B41: Sicilian: Kan Variation: 5 c4} 9. f3 Be7 10. Be2 d6 11. Rc1 Nbd7 12. O-O {[%emt 0:02:19] LiveBook: 153 Games} O-O 13. Qe1 $146 (13. Kh1 Rac8 14. b4 Rfd8 15. Bg1 Qb8 16. Nb3 {1-0 (50) Ponomariov,R (2712)-Wojtaszek,R (2727) Huaian 2016}) 13... Rfe8 14. Qf2 Rac8 15. Rfd1 Qb8 16. b4 Bd8 17. Kh1 Bc7 18. Qg1 Rcd8 19. Rd2 d5 20. cxd5 exd5 21. Nxd5 ({White should play} 21. Bxa6 $16 Bxa6 22. Nc6) 21... Nxd5 22. exd5 Nf6 23. Nc6 Bxc6 $1 24. Rxc6 Rxd5 25. Bc4 Bxh2 (25... Rxd2 $11 26. Bxd2 b5) 26. Qxh2 Rh5 27. Bxf7+ Kxf7 28. Rxf6+ Kxf6 29. Qxh5 Rxe3 30. Qh4+ Kg6 31. f4 h6 32. f5+ Kh7 33. f6 Qe5 34. Rd1 Re4 35. Qh3 Qxf6 36. Qd3 Qg6 37. Qf3 b5 38. Rd5 Rg4 39. Kh2 Rh4+ 40. Kg1 Rc4 41. Kh2 Rc2 42. Kh1 Ra2 43. Rc5 Ra1+ 44. Kh2 Qd6+ 45. g3 Ra2+ 46. Kh3 Qe6+ 47. g4 Qg6 48. Rc6 {[%emt 0:00:58] [#]} (48. Rd5 $17) 48... Rxa3 $1 49. Qxa3 Qxc6 50. Qd3+ Kg8 51. Qd8+ Kf7 52. Qd4 Qc4 53. Qa7+ Kg8 54. Qxa6 Qxb4 55. Qe6+ Kf8 56. Qc8+ Ke7 57. Qc7+ {[%emt 0:00:14] [#]} Kf6 $1 58. Qc6+ {[%emt 0:00:28] [#]} Ke5 $1 59. Qc7+ Kd5 60. Qf7+ Kc5 $2 (60... Kc6 $19 {aiming for ...Qc3+.} 61. Qxg7 Qa3+ 62. Kh4 Qd6 63. Qc3+ Kd7) 61. Qxg7 Qf4 62. Qe7+ Kc4 63. Qe2+ {[%emt 0:00:16] [#]} Kb4 $1 64. Qe1+ Kb3 65. Qd1+ Kc3 66. Qa1+ Kc4 67. Qa2+ Kc5 68. Qc2+ {[%emt 0:00:31] [#]} Kb6 $1 69. Qd3 b4 70. Qd8+ Kc5 71. Qa5+ Kc4 72. Qa2+ Kc3 73. Qa1+ Kd2 74. Qb2+ Kd1 75. Qb1+ {[%emt 0:00:21] [#]} Ke2 $1 76. Qa1 Qf1+ 1/2-1/2

[Event "EIWCC 2017"]
[Site "Riga"]
[Date "2017.04.19"]
[Round "8"]
[White "Galliamova, Alisa"]
[Black "Arabidze, Meri"]
[Result "1-0"]
[ECO "D00"]
[WhiteElo "2444"]
[BlackElo "2373"]
[Annotator "TA"]
[PlyCount "119"]
[EventDate "2017.??.??"]
[EventType "swiss"]
[EventCountry "LAT"]
[SourceTitle "playchess.com"]
[Source "ChessBase"]
[SourceQuality "1"]
[TimeControl "40/5400+30:1800+30"]

1. e4 c5 2. Nf3 d6 3. d4 cxd4 4. Nxd4 Nf6 5. Nc3 a6 6. Bg5 Nbd7 7. Qe2 {[%emt 0:00:32] B94: Sicilian Najdorf: 6 Bg5 Nbd7} (7. Bc4 Qb6 8. Bb3 e6 9. Qd2 Be7 10. O-O-O Nc5 11. Rhe1 h6 12. Bh4 O-O 13. g3 Qc7 14. f4 b5 15. e5 dxe5 16. fxe5 {0-1 (51) Dominguez Perez,L (2739)-Wojtaszek,R (2749) Doha 2016}) 7... e5 8. Nf5 h6 {[%emt 0:00:16] LiveBook: 7 Games} 9. Bh4 g6 10. Ne3 Be7 11. O-O-O b5 12. a3 Bb7 13. f3 Rc8 14. Bxf6 $146 (14. Qd2 Qb6 {0-1 (27) Hansen,M (2310)-Ziska,H (2523) Denmark 2015}) 14... Nxf6 15. Ncd5 Nxd5 16. Nxd5 Bxd5 17. Rxd5 Rc5 18. Qd3 O-O 19. Be2 Qc7 20. Kb1 Rb8 21. Rd1 a5 22. g3 b4 23. a4 Rc8 24. Rxc5 Qxc5 25. Bf1 Bg5 26. Qe2 Qc6 27. b3 Be3 28. Rd5 Bd4 29. Qc4 Qb7 30. Qb5 Qc7 31. Qd3 Qc3 32. Qxc3 Rxc3 33. Bd3 Bc5 34. Kc1 Kf8 35. Kd1 Ke7 36. Kd2 Ke6 37. Bc4 Ke7 38. Rd3 Rxd3+ 39. Kxd3 f5 40. g4 Kf6 41. gxf5 gxf5 42. Bb5 Kg5 43. Bd7 fxe4+ 44. fxe4 Kf4 45. Be6 Bg1 46. h3 h5 47. Bf7 h4 48. Bg6 Bc5 49. Kc4 Ke3 50. Kb5 Kd2 51. Kxa5 Kxc2 52. Bf7 Kd3 53. Bd5 Ke3 54. Kb5 Kf3 55. Kc4 Ke3 56. a5 Kf4 57. a6 Kg3 58. Be6 Kf4 59. Bf5 Kg5 60. Kd5 $18 1-0

[Event "EIWCC 2017"]
[Site "Riga"]
[Date "2017.04.19"]
[Round "8"]
[White "Melia, Salome"]
[Black "Cosma, Elena-Luminita"]
[Result "1-0"]
[ECO "C09"]
[WhiteElo "2400"]
[BlackElo "2316"]
[Annotator "ChessBase"]
[PlyCount "125"]
[EventDate "2017.??.??"]
[EventType "swiss"]
[EventCountry "LAT"]
[SourceTitle "playchess.com"]
[Source "ChessBase"]
[SourceQuality "1"]
[TimeControl "40/5400+30:1800+30"]

1. Nf3 Nf6 2. g3 b6 3. Bg2 Bb7 4. d4 e6 5. O-O Be7 6. c4 O-O 7. Qc2 d6 8. Nc3 Nbd7 9. Rd1 c5 10. e4 cxd4 11. Nxd4 Qc8 12. Ndb5 Ne5 13. b3 Rd8 14. Ba3 Ne8 15. Rac1 a6 16. Nd4 Qc7 17. f4 Nc6 18. Nf3 b5 19. cxb5 axb5 20. Bb2 Nf6 21. Kh1 Qb6 22. h3 Nb4 23. Qe2 Nxa2 24. Nxa2 Rxa2 25. Bd4 Qa6 26. Nd2 h6 27. Rc7 Rd7 28. Rcc1 d5 29. Bxf6 Bxf6 30. e5 Be7 31. Qd3 Qb6 32. Ra1 Rxa1 33. Rxa1 Rc7 34. f5 exf5 35. Qxf5 Bc8 36. Qd3 d4 37. Kh2 Bf8 38. Nf3 Rd7 39. Rd1 Bb7 40. Qf5 Rd8 41. Rd3 Bb4 42. Qg4 Bc3 43. Nh4 Bc8 44. Nf5 Bxf5 45. Qxf5 b4 46. Be4 g6 47. Qg4 Re8 48. Qf4 Qe6 49. Rf3 Re7 50. Qxh6 Qxe5 51. Bd3 Qd5 52. Qf4 Qxb3 53. h4 Qe6 54. h5 Qe5 55. Qxe5 Rxe5 56. hxg6 fxg6 57. Bxg6 Kg7 58. Bf7 Re2+ 59. Kh3 Rb2 60. Bc4 Rb1 61. Rf7+ Kh6 62. Kg4 Rg1 63. Bd3 1-0

[Event "EIWCC 2017"]
[Site "Riga"]
[Date "2017.04.19"]
[Round "8"]
[White "Houska, Jovanka"]
[Black "Ambartsumova, Karina"]
[Result "0-1"]
[ECO "E62"]
[WhiteElo "2397"]
[BlackElo "2282"]
[Annotator "NA"]
[PlyCount "74"]
[EventDate "2017.??.??"]
[EventType "swiss"]
[EventCountry "LAT"]
[SourceTitle "playchess.com"]
[Source "ChessBase"]
[SourceQuality "1"]
[TimeControl "40/5400+30:1800+30"]

1. d4 Nf6 2. Nf3 g6 3. c4 Bg7 4. g3 O-O 5. Bg2 d6 6. O-O Nc6 7. Nc3 Bf5 {[%emt 0:00:33] LiveBook: 1228 Games} 8. Be3 {[%emt 0:04:34] E62: King's Indian: Fianchetto: 6...c6 and Panno Variation (6...Nc6) without ...a6} (8. Bg5 Ne4 9. Nxe4 Bxe4 10. d5 Na5 11. b3 c5 12. Rc1 Re8 13. Qd2 a6 14. Bh3 Bxf3 15. exf3 b5 16. Rfe1 bxc4 17. bxc4 {1-0 (62) Aronian,L (2785)-Fressinet,L (2672) Doha 2016}) 8... e5 9. d5 Ne7 10. Qc1 $146 (10. Ng5 Nd7 11. Nge4 b6 12. Qd2 Nc5 13. Nxc5 bxc5 14. Bh6 Qd7 15. Bxg7 Kxg7 {1-0 (38) Kovacs,I (1816)-Schneberger,M Szekesfehervar 2014}) 10... Qd7 11. Ne1 c6 12. Bg5 cxd5 13. Bxf6 Bxf6 14. Nxd5 Nxd5 15. Bxd5 Rac8 16. Qd2 b5 17. cxb5 Qxb5 18. e4 Bd7 19. Nd3 Be6 20. a4 Qb6 21. Bxe6 fxe6 22. b4 Qd4 23. Rfe1 Rc3 24. Rad1 Be7 $11 25. Kg2 Kg7 26. h4 Rxd3 27. Qxd3 Qxf2+ 28. Kh1 Rf3 29. Qe2 Qxg3 30. Qh2 Qg4 31. Rg1 Qxe4 32. Rg2 Bxh4 33. Rc1 Bd8 34. a5 Qe3 35. Qg1 Rh3+ 36. Rh2 Qf3+ 37. Qg2 Rxh2+ 0-1

[Event "EIWCC 2017"]
[Site "Riga"]
[Date "2017.04.19"]
[Round "8"]
[White "Bulmaga, Irina"]
[Black "Arakhamia-Grant, Ketevan"]
[Result "1-0"]
[ECO "A49"]
[WhiteElo "2394"]
[BlackElo "2374"]
[Annotator "NA"]
[PlyCount "85"]
[EventDate "2017.??.??"]
[EventType "swiss"]
[EventCountry "LAT"]
[SourceTitle "playchess.com"]
[Source "ChessBase"]
[SourceQuality "1"]
[TimeControl "40/5400+30:1800+30"]

1. d4 Nf6 2. Nf3 g6 3. g3 Bg7 4. Bg2 c5 5. d5 {[%emt 0:02:55] A49: 1 d4 Nf6 2 Nf3 g6 3 g3: Anti-King's Indian systems} (5. c4 cxd4 6. Nxd4 O-O 7. Nc3 Nc6 8. O-O Qa5 9. e3 d6 10. Bd2 Qc5 11. Nxc6 bxc6 12. b3 d5 13. cxd5 cxd5 14. Rc1 Qd6 15. e4 Bg4 16. Qe1 dxe4 17. Nxe4 Nxe4 {1-0 (57) Vachier Lagrave,M (2811)-Ragger,M (2694) Novi Sad 2016}) 5... d6 6. c4 b5 7. cxb5 Qa5+ 8. Nfd2 Qxb5 9. Nc3 Qa6 {[%emt 0:06:56] LiveBook: 5 Games} 10. O-O O-O 11. Re1 Nbd7 12. Qc2 $146 Rb8 13. b3 e6 14. Bb2 Nb6 15. dxe6 fxe6 16. Nce4 Nbd5 17. Nxf6+ Bxf6 18. Bxf6 Rxf6 19. Ne4 Rf8 20. Red1 Bb7 21. Ng5 Rbe8 22. Qc4 Rf5 23. Qh4 ({Not} 23. Bxd5 exd5 24. Qh4 Re7 $17) 23... Nf6 24. Bxb7 Qxb7 25. Rxd6 Rxg5 26. Qxg5 Ne4 27. Qe5 Nxd6 28. Qxd6 Qe4 29. Qxc5 Qxe2 30. Qxa7 e5 31. Qe3 Qc2 32. Qc1 Qf5 33. a4 e4 34. Qc4+ Kg7 35. Qd4+ Kh6 36. Re1 g5 37. b4 Kg6 38. b5 h5 39. Rc1 $18 h4 40. Rc6+ Re6 41. Qd7 Rxc6 42. Qxf5+ Kxf5 43. bxc6 1-0

[Event "EIWCC 2017"]
[Site "Riga"]
[Date "2017.04.19"]
[Round "8"]
[White "Charochkina, Daria"]
[Black "Isgandarova, Khayala"]
[Result "1-0"]
[ECO "A45"]
[WhiteElo "2381"]
[BlackElo "2211"]
[Annotator "NA"]
[PlyCount "73"]
[EventDate "2017.??.??"]
[EventType "swiss"]
[EventCountry "LAT"]
[SourceTitle "playchess.com"]
[Source "ChessBase"]
[SourceQuality "1"]
[TimeControl "40/5400+30:1800+30"]

1. d4 Nf6 2. Bf4 g6 3. Nc3 d5 {[%emt 0:01:20] A45: Trompowsky Attack} 4. e3 Bg7 5. h4 c5 (5... h5 6. Nf3 Bg4 7. Be2 c6 8. Ne5 Bxe2 9. Qxe2 Nbd7 10. O-O-O Nxe5 11. Bxe5 {1-0 (49) Karjakin,S (2785)-Li,C (2720) Doha 2016}) 6. Nb5 Na6 $1 {[%emt 0:00:14] LiveBook: 6 Games} 7. c3 O-O 8. Be2 h5 9. Nf3 Ng4 10. a4 $146 (10. Ne5 Nxe5 11. dxe5 {1-0 (40) Tologontegin,S (2354)-Nedev,T (2484) Tromsoe 2014}) 10... Bd7 11. O-O Qb6 12. a5 Qc6 13. c4 dxc4 14. Bxc4 cxd4 15. Rc1 dxe3 16. fxe3 {[%emt 0:09:02] [#]} e5 $2 (16... Be6 $1 $17 {[%cal Re6c4] keeps the pressure on.} 17. Bd3 Qd5) 17. Bxf7+ Rxf7 18. Rxc6 Bxc6 19. Nd6 exf4 (19... Rc7 {is a better defense.} 20. Bg3 Nc5) 20. Qb3 Raf8 21. Nxf7 Nc5 22. Qc4 Nxe3 23. Qxc5 Nxf1 24. N7g5 ({Less strong is} 24. Kxf1 Rxf7 25. Ng5 (25. Qxa7 Bf6 26. b4 Kg7 $16) 25... Rf5 26. Qxa7 f3 27. gxf3 Bxf3 28. Qb8+ (28. Nxf3 Rxf3+ 29. Ke1 Rf7 $16) 28... Rf8 $18) 24... Bxf3 25. gxf3 Ng3 26. Qc4+ Kh8 27. Qe6 Bf6 28. Qd6 Kg8 29. Qd5+ Kh8 30. Qxb7 Bxg5 31. hxg5 Rf5 32. Qb8+ Kg7 33. Qxa7+ Rf7 34. Qd4+ Kh7 35. Qc4 Re7 36. Qb4 Re3 37. a6 $18 1-0

[Event "EIWCC 2017"]
[Site "Riga"]
[Date "2017.04.19"]
[Round "8"]
[White "Badelka, Olga"]
[Black "Utiatskaja, Irina"]
[Result "1-0"]
[ECO "A36"]
[WhiteElo "2362"]
[BlackElo "2152"]
[Annotator "NA"]
[PlyCount "69"]
[EventDate "2017.??.??"]
[EventType "swiss"]
[EventCountry "LAT"]
[SourceTitle "playchess.com"]
[Source "ChessBase"]
[SourceQuality "1"]
[TimeControl "40/5400+30:1800+30"]

1. c4 g6 2. Nc3 Bg7 3. g3 c5 4. Bg2 Nc6 5. d3 e6 6. e4 d6 7. Nge2 Nge7 8. O-O O-O 9. Rb1 b6 10. Be3 {[%emt 0:04:01] A36: Symmetrical English vs ...g6: 4 Bg2 Bg7} (10. a3 Bb7 11. b4 Qd7 12. Bg5 h6 13. Be3 Nd4 14. f4 f5 15. Qd2 Kh7 16. Rbe1 Rae8 17. Bf2 Nec6 18. b5 Nxe2+ 19. Nxe2 Nd4 20. Nxd4 cxd4 21. exf5 gxf5 22. Bxb7 Qxb7 {0-1 (30) Dominguez Perez,L (2732)-Wojtaszek,R (2727) Huaian 2016}) 10... Nd4 11. e5 {[%emt 0:11:39] LiveBook: 7 Games} Nxe2+ 12. Qxe2 d5 $146 (12... Rb8 $1 $11 13. exd6 Nf5 14. Ne4 Nxe3 15. fxe3 f5 16. Nf2 Qxd6 17. Rfd1 h5 18. Nh3 {0-1 (60) Schischke,R (2360)-Skomorokhin,R (2460) Berlin 1993}) 13. Bg5 Bb7 14. f4 Re8 (14... Qd7 $14) 15. Nb5 Qd7 16. Nd6 Red8 ({Black should play} 16... Rf8 $14) 17. Rbe1 Bf8 18. cxd5 Bxd5 19. Bxd5 Nxd5 20. Bxd8 Bxd6 21. Bh4 ({Of course not} 21. exd6 $6 Rxd8 22. a3 (22. Qe5 Nb4 23. Re3 Qxd6 $11) 22... Qxd6 $11) 21... Bf8 22. a3 c4 $2 (22... Be7 $16 {was called for.}) 23. dxc4 Bc5+ 24. Kh1 Ne3 25. Rf3 (25. Qf3 $142 Rc8 26. Rxe3 Bxe3 27. Qxe3) 25... Qc6 26. b4 Bd4 27. h3 Nxc4 28. Kh2 b5 29. Rd3 Bb6 30. a4 a6 31. a5 Ba7 32. Red1 h6 $18 33. Rd8+ Kh7 34. Rxa8 Qxa8 35. Rd8 1-0

[Event "EIWCC 2017"]
[Site "Riga"]
[Date "2017.04.19"]
[Round "8"]
[White "Gara, Anita"]
[Black "Petrenko, Svetlana"]
[Result "1-0"]
[ECO "B22"]
[WhiteElo "2354"]
[BlackElo "2136"]
[Annotator "ChessBase"]
[PlyCount "89"]
[EventDate "2017.??.??"]
[EventType "swiss"]
[EventCountry "LAT"]
[SourceTitle "playchess.com"]
[Source "ChessBase"]
[SourceQuality "1"]
[TimeControl "40/5400+30:1800+30"]

1. e4 c5 2. c3 d6 3. d4 Nd7 4. Nf3 Qc7 5. Bd3 h6 6. O-O Ngf6 7. b4 c4 8. Bc2 e5 9. a4 a6 10. Qe2 Rb8 11. a5 Be7 12. Re1 O-O 13. d5 b5 14. axb6 Nxb6 15. h3 Nfd7 16. Ra5 Bb7 17. g4 g5 18. Nbd2 Rfc8 19. Nf1 Nf8 20. Ng3 Ng6 21. Nf5 Bf8 22. Kh2 f6 23. Rg1 Re8 24. Be3 Rbc8 25. Nd2 Nf4 26. Qf3 Nd7 27. Rga1 Ra8 28. Nf1 Bg7 29. N1g3 Nf8 30. Bxf4 gxf4 31. Nh5 Re7 32. Nxe7+ Qxe7 33. b5 Ra7 34. bxa6 Bc8 35. Qe2 Qc7 36. R5a4 Nd7 37. Qxc4 Nc5 38. Ra5 Qb6 39. Rb5 Qc7 40. Rxc5 Qxc5 41. Qxc5 dxc5 42. Nxg7 Kxg7 43. Bd3 h5 44. gxh5 Kh6 45. Bb5 1-0

[Event "EIWCC 2017"]
[Site "Riga"]
[Date "2017.04.19"]
[Round "8"]
[White "Milliet, Sophie"]
[Black "Krumina, Linda"]
[Result "1-0"]
[ECO "B91"]
[WhiteElo "2352"]
[BlackElo "2090"]
[Annotator "ChessBase"]
[PlyCount "119"]
[EventDate "2017.??.??"]
[EventType "swiss"]
[EventCountry "LAT"]
[SourceTitle "playchess.com"]
[Source "ChessBase"]
[SourceQuality "1"]
[TimeControl "40/5400+30:1800+30"]

1. e4 c6 2. d4 d5 3. e5 Bf5 4. Nf3 e6 5. Be2 h6 6. O-O Nd7 7. Nbd2 Ne7 8. Nb3 Bh7 9. a4 Qc7 10. a5 a6 11. Bd2 c5 12. c4 cxd4 13. Nbxd4 Nxe5 14. Nxe5 Qxe5 15. Qa4+ Kd8 16. Be3 Nc8 17. cxd5 Bd6 18. g3 exd5 19. Rfd1 Ke7 20. Qb3 Rb8 21. f4 Qf6 22. Qxd5 Re8 23. Bf3 Kf8 24. Bf2 Ne7 25. Ne6+ fxe6 26. Qxd6 Kg8 27. Re1 Bf5 28. Bd4 Qg6 29. Bb6 Bh3 30. Rac1 Nf5 31. Qe5 Kh8 32. Kf2 h5 33. Bc7 Ra8 34. Bxb7 Ra7 35. Bf3 Re7 36. Bb6 Rad7 37. Re2 Rd3 38. Rc3 Rd1 39. Re1 Rd2+ 40. Re2 Rd1 41. Bg2 Bxg2 42. Kxg2 h4 43. Re1 Rd2+ 44. Bf2 Kh7 45. Qe4 Rxb2 46. Re2 h3+ 47. Kf1 Rb1+ 48. Be1 Reb7 49. Qxe6 Qxe6 50. Rxe6 R7b2 51. Re2 Rxe2 52. Kxe2 Nd4+ 53. Ke3 Nf5+ 54. Kd2 Rb2+ 55. Rc2 Rxc2+ 56. Kxc2 Ne3+ 57. Kd3 Ng4 58. Kc4 Nxh2 59. g4 Nf1 60. Kd4 1-0

[Event "EIWCC 2017"]
[Site "Riga"]
[Date "2017.04.19"]
[Round "8"]
[White "Osmak, Iulija"]
[Black "Tsolakidou, Stavroula"]
[Result "1-0"]
[ECO "A45"]
[WhiteElo "2348"]
[BlackElo "2395"]
[Annotator "ChessBase"]
[PlyCount "148"]
[EventDate "2017.??.??"]
[EventType "swiss"]
[EventCountry "LAT"]
[SourceTitle "playchess.com"]
[Source "ChessBase"]
[SourceQuality "1"]
[TimeControl "40/5400+30:1800+30"]

1. Nf3 d5 2. c4 d4 3. d3 Nc6 4. g3 e5 5. Bg2 Bb4+ 6. Bd2 a5 7. O-O Nf6 8. a3 Bc5 9. Bg5 O-O 10. Nbd2 a4 11. Bxf6 Qxf6 12. Ne4 Qe7 13. Nfg5 Ba7 14. f4 f5 15. Nf2 exf4 16. gxf4 h6 17. Bd5+ Kh8 18. Nf3 Bc5 19. Kh1 Qf6 20. Rg1 Ne7 21. Ne5 c6 22. Bf3 Bd6 23. Qd2 Bxe5 24. fxe5 Qxe5 25. Rg2 f4 26. Rag1 Nf5 27. Be4 Rg8 28. Ng4 Qd6 29. Qe1 Bd7 30. Qb4 Qxb4 31. axb4 Rae8 32. Rf2 Nd6 33. Rxf4 Nxe4 34. dxe4 Rgf8 35. Rxf8+ Rxf8 36. Ne5 Be8 37. Rd1 Bh5 38. Rxd4 Rf2 39. Rd2 Rf4 40. Rd4 Kh7 41. Kg2 Bxe2 42. c5 Bb5 43. Nf3 Be2 44. Ne5 Ba6 45. Nf3 g5 46. e5 Rf8 47. Rd6 Bc4 48. Nd4 Bd5+ 49. Kg1 Rf4 50. Ne2 Rxb4 51. Nc3 Rxb2 52. Nxa4 Rg2+ 53. Kf1 Rxh2 54. Nb6 Rd2 55. e6 Kg7 56. e7 Kf7 57. Rxh6 Kxe7 58. Rh7+ Ke6 59. Rxb7 Rc2 60. Nxd5 cxd5 61. Rg7 Kf5 62. Rc7 Ke4 63. c6 Kd3 64. Rg7 Rc1+ 65. Kf2 Rxc6 66. Rxg5 d4 67. Rd5 Re6 68. Kf1 Kc3 69. Ra5 d3 70. Ra3+ Kc2 71. Ra2+ Kb3 72. Rh2 Kc3 73. Ra2 d2 74. Ra1 Kb2 1-0

[Event "EIWCC 2017"]
[Site "Riga"]
[Date "2017.04.19"]
[Round "8"]
[White "Antova, Gabriela"]
[Black "Toma, Katarzyna"]
[Result "0-1"]
[ECO "D70"]
[WhiteElo "2335"]
[BlackElo "2229"]
[Annotator "NA"]
[PlyCount "54"]
[EventDate "2017.??.??"]
[EventType "swiss"]
[EventCountry "LAT"]
[SourceTitle "playchess.com"]
[Source "ChessBase"]
[SourceQuality "1"]
[TimeControl "40/5400+30:1800+30"]

1. d4 Nf6 2. c4 g6 3. Nf3 Bg7 4. g3 O-O 5. Bg2 d6 6. O-O c6 7. Nc3 Nbd7 8. e4 e5 9. Rb1 a5 10. b3 {[%emt 0:00:53] LiveBook: 8 Games E68: King's Indian: Fianchetto: 6...Nbd7 7 0-0 e5 8 e4} (10. h3 Re8 11. Be3 exd4 12. Nxd4 Nc5 13. Qc2 Qc7 14. Rfe1 Bd7 15. b3 Rad8 16. Rbd1 Bc8 17. f4 h6 18. Bf2 Nh5 19. Qd2 Nf6 20. Kh2 {0-1 (49) Goloshchapov,A (2586)-Sriram,J (2375) Dubai 2014}) 10... Re8 11. d5 $146 ({Better is} 11. h3 $14 exd4 12. Nxd4 Nc5 13. Re1 Qb6 14. Be3 Qb4 15. Bd2 Qb6 16. Be3 Qb4 17. Bd2 Qb6 18. Be3 Qb4 19. Bd2 {½-½ (19) Kleissl,H (2290)-Weindl,A (2329) Austria 2013}) 11... cxd5 12. cxd5 Nc5 13. Re1 ({Much weaker is} 13. Bg5 b5 $15) 13... Bd7 14. a3 Qc7 15. Bd2 ({White must play} 15. a4 $1 $11) 15... Rec8 16. Qe2 ({Better is} 16. a4 $11) 16... Qb6 17. b4 axb4 18. axb4 Na4 19. Nxa4 Rxa4 20. Rec1 Rca8 21. Be3 Qb5 22. Qe1 Qa6 23. Rc7 Be8 24. Nd2 Ng4 25. Nc4 Bb5 $2 (25... Nxe3 $11 {and Black stays safe.} 26. Nxe3 (26. Qxe3 Bf6 27. Qb6 Bb5 28. Qxd6 Bd8 29. Qxa6 Bxa6 $14) 26... Qb6) 26. Bf1 Bf6 $2 (26... Ra2 $11 {and Black stays safe.}) 27. Kg2 $19 (27. Nb6 $18 {was the only winning move.} Nxe3 28. Nxa8 (28. Qxe3 Ra3 29. Qxa3 Qxa3 $11) 28... Nxf1 29. Rc8+ Kg7 30. Nc7 Nxh2 31. Kxh2) 27... Bd8 0-1

[Event "EIWCC 2017"]
[Site "Riga"]
[Date "2017.04.19"]
[Round "8"]
[White "Gara, Ticia"]
[Black "Gevorgyan, Maria"]
[Result "0-1"]
[ECO "A14"]
[WhiteElo "2325"]
[BlackElo "2227"]
[Annotator "NA"]
[PlyCount "74"]
[EventDate "2017.??.??"]
[EventType "swiss"]
[EventCountry "LAT"]
[SourceTitle "playchess.com"]
[Source "ChessBase"]
[SourceQuality "1"]
[TimeControl "40/5400+30:1800+30"]

1. c4 Nf6 2. Nf3 e6 3. g3 d5 4. Bg2 Be7 5. O-O O-O 6. d4 dxc4 7. Ne5 Nc6 8. Nxc6 bxc6 9. Na3 Bxa3 10. bxa3 a5 {[%emt 0:01:40] LiveBook: 4 Games E05: Open Catalan: 5 Nf3 Be7} 11. a4 $146 (11. Bxc6 Rb8 12. Qc2 Ba6 13. Rd1 Nd5 14. e4 Ne7 15. Ba4 f5 16. d5 exd5 17. exd5 Rf7 18. Be3 {1-0 (117) Kramnik,V (2777)-Bruzon Batista,L (2659) Baku 2015}) 11... Qe7 12. Qc2 Ba6 13. Bd2 Nd5 14. Bxa5 Bc8 15. Bd2 Qa3 16. e4 Ne7 17. a5 Ba6 18. Rfc1 ({White should play} 18. Rfe1 $16) 18... Rad8 19. Rab1 (19. Bf1 $16) 19... c5 20. dxc5 Nc6 $1 21. Be3 (21. Bc3 $11 {remains equal.}) 21... Nd4 22. Bxd4 $1 Rxd4 23. Qb2 Qxc5 24. Qb4 Qa7 25. Rd1 e5 26. Qe7 $2 (26. Bf3 $11) 26... c3 27. Rbc1 c2 28. Rxd4 Qxd4 29. Bf3 Qd2 30. Qa3 Rb8 31. Kg2 $19 Rb1 32. Qe7 Qd6 33. Qg5 h6 34. Qe3 Qd3 35. Qe1 Qf1+ 36. Qxf1 Bxf1+ 37. Rxf1 Rxf1 0-1